 Dungeon Crawl Stone Soup version 0.29-a0-1009-g60c99734e7 (webtiles) character file.

Game seed: 7396543008106509107

168 leavemydog the Conjurer (level 5, -3/28 HPs)
             Began as a Deep Elf Conjurer on Aug 8, 2022.
             Slain by Edmund
             ... wielding a +2 flail of protection
              (8 damage)
             ... on level 4 of the Dungeon.
             The game lasted 00:03:57 (2537 turns).

leavemydog the Conjurer (Deep Elf Conjurer)         Turns: 2537, Time: 00:03:57

Health: -3/28      AC:  4    Str:  4    XL:     5   Next: 24%
Magic:  5/13       EV: 12    Int: 25    God:
Gold:   181        SH:  0    Dex: 13    Spells: 6/13 levels left

rFire   . . .      SeeInvis .   o - +2 short sword (venom)
rCold   . . .      Faith    .   (no shield)
rNeg    . . .      Spirit   .   a - +0 robe
rPois   .          Reflect  .   (no helmet)
rElec   .          Harm     .   (no cloak)
rCorr   .          Rampage  .   j - +1 pair of gloves
Will    .....                   (no boots)
Stlth   ++........              l - amulet of magic regeneration
HPRegen 0.09/turn               (no ring)
MPRegen 0.53/turn               (no ring)

@: no status effects
A: no striking features
a: no special abilities


You were on level 4 of the Dungeon.
You visited 1 branch of the dungeon, and saw 4 of its levels.

You collected 181 gold pieces.

Inventory:

Hand Weapons
 o - a +2 short sword of venom (weapon)
Missiles
 h - 8 poisoned darts
Armour
 a - a +0 robe (worn)
 j - a +1 pair of gloves (worn)
Magical Staves
 k - a staff of air
Jewellery
 i - an amulet of regeneration
 l - an amulet of magic regeneration (around neck)
Scrolls
 c - a scroll of summoning
 f - a scroll of magic mapping {unknown}
 p - a scroll of butterflies {unknown}
 q - a scroll of poison {unknown}
 r - 2 scrolls of noise {unknown}
 u - a scroll of teleportation {unknown}
 v - a scroll of amnesia {unknown}
Potions
 b - a potion of magic
 d - 3 potions of heal wounds
 e - a potion of haste
 g - a potion of resistance {unknown}
 m - a potion of attraction {unknown}
 n - a potion of flight {unknown}
 s - a potion of cancellation {unknown}
 t - a potion of mutation {unknown}


   Skills:
 - Level 2.4 Dodging
 - Level 2.4 Stealth
 + Level 4.6 Spellcasting
 + Level 6.5 Conjurations


You had 6 spell levels left.
You knew the following spells:

 Your Spells              Type           Power      Damage    Failure   Level
a - Magic Dart            Conj           100%       1d8       1%          1
b - Searing Ray           Conj           76%        2d7       1%          2
c - Iskenderun's Mystic   Conj/Tloc      22%        2d6       22%         4

Your spell library contained the following spells:

 Spells                   Type           Power      Damage    Failure   Level
 Dazzling Flash           Conj/Hex       44%        N/A       7%          3
 Apportation              Tloc           10%        N/A       9%          1
 Mephitic Cloud           Conj/Pois/Air  16%        N/A       11%         3
 Fulminant Prism          Conj/Hex       11%        3d9       22%         4
 Portal Projectile        Hex/Tloc       10%        N/A       26%         3
 Tukima's Dance           Hex            5%         N/A       26%         3
 Lightning Bolt           Conj/Air       11%        1d24      52%         5
 Alistair's Intoxication  Tmut/Pois      3%         N/A       94%         5
 Blade Hands              Tmut           2%         N/A       94%         5
 Chain Lightning          Conj/Air       11%        3d14      100%        9


Dungeon Overview and Level Annotations

Branches:
Dungeon (4/15)
 Temple: D:4-7

Altars:
Elyvilon
Gozag
Sif Muna
Wu Jian
Zin

Annotations:
D:4 Edmund


Message History

Edmund is moderately wounded.
The searing ray misses the orc.
You finish channelling your searing ray.
Edmund closely misses you.
Casting: Searing Ray (safe; 1% risk of failure)
Confirm with . or Enter, or press ? or * to list all spells.
Okay, then.
Casting: Searing Ray (safe; 1% risk of failure)
Confirm with . or Enter, or press ? or * to list all spells.
Aiming: Searing Ray (safe; 1% risk of failure)
Press: ? - help, Shift-Dir - straight line, f - Edmund
Aim: Edmund, wielding a +2 flail of protection and wearing a +0 scale mail (moderately wounded, 83% to hit)
The searing ray hits Edmund.
Edmund is moderately wounded.
The searing ray hits the orc!
You kill the orc! (Press . to maintain the ray.) Edmund hits you with a +2 flail of protection!
Unknown command.
The searing ray hits Edmund.
Edmund is heavily wounded.
Edmund closely misses you.
The searing ray hits Edmund!
Edmund is heavily wounded.
Edmund hits you with a +2 flail of protection.
* * * LOW HITPOINT WARNING * * *
The searing ray hits Edmund.
Edmund is severely wounded.
You finish channelling your searing ray.
Edmund barely misses you.
Casting: Searing Ray (safe; 1% risk of failure)
Confirm with . or Enter, or press ? or * to list all spells.
Aiming: Searing Ray (safe; 1% risk of failure)
Press: ? - help, Shift-Dir - straight line, f/p - Edmund
Aim: Edmund, wielding a +2 flail of protection and wearing a +0 scale mail (severely wounded, 83% to hit)
The searing ray hits Edmund.
Edmund is severely wounded. (Press . to maintain the ray.) Edmund hits you with a +2 flail of protection!
You die...

#####..
.......##
#.......#
#......##
#......# .#
#.....##..#
#......##.##
#......##..#
##..@..##†.#
#...@.....#
#####)....##
##)....#
##)...#
##...# ##o.#
.#..# .. #.#


You could see Edmund and an orc.

Vanquished Creatures
  Natasha (D:3)
  An orc wizard (D:3)
  5 adders
  A worm (D:3)
  3 dart slugs
  9 orcs
  3 endoplasms
  2 giant cockroaches (D:1)
  6 goblins
  3 hobgoblins
  2 quokkas (D:1)
  3 ball pythons
  5 bats
  3 frilled lizards
  5 kobolds
  4 rats
56 creatures vanquished.

Notes
Turn   | Place    | Note
-------+----------+-------------------------------------------
     0 | D:1      | leavemydog the Deep Elf Conjurer began the quest for the
                  | Orb.
     0 | D:1      | Reached XP level 1. HP: 10/10 MP: 6/6
   127 | D:1      | Reached XP level 2. HP: 15/15 MP: 5/8
   202 | D:1      | Reached skill level 5 in Conjurations
   425 | D:1      | Got Vehumet's Octavo of Arcane Weapons and the Welkin
   494 | D:1      | Found a faded altar of an unknown god.
   683 | D:2      | Reached XP level 3. HP: 19/19 MP: 3/9
   687 | D:2      | Learned a level 2 spell: Searing Ray
   738 | D:2      | Found a white marble altar of Elyvilon.
  1594 | D:3      | Reached XP level 4. HP: 24/24 MP: 8/11
  1610 | D:3      | Learned a level 4 spell: Iskenderun's Mystic Blast
  1695 | D:3      | Found an ornate altar of the Wu Jian Council.
  1799 | D:3      | Reached skill level 6 in Conjurations
  1912 | D:3      | Found a glowing silver altar of Zin.
  1931 | D:3      | Found a shimmering blue altar of Sif Muna.
  2021 | D:3      | Noticed Natasha
  2026 | D:3      | Killed Natasha
  2197 | D:3      | Reached XP level 5. HP: 26/28 MP: 6/13
  2351 | D:3      | Found an opulent altar of Gozag.
  2407 | D:3      | Found a white marble altar of Elyvilon.
  2520 | D:4      | Noticed Edmund
  2537 | D:4      | Slain by Edmund

Illustrated notes

Levels and vault maps discovered:
D:1:      arrival_zaba_pyramid, layout_rooms,
          dreamdust_ecumenical_altar_angels_and_demons
D:2:      layout_basic, basic_altar, minmay_misc_feat_five
D:3:      layout_basic, mainiacjoe_overflow_brackets,
          grunt_temple_overflow_open, nzn_wu_jian_contemplation,
          mainiacjoe_overflow_alcove_2, chequers_serial_rivers_small_3,
          uniq_natasha
D:4:      layout_cave_pods, mainiacjoe_overflow_paths,
          lemuel_zombie_altar_kikubaaqudgha, mainiacjoe_overflow_alcove_4,
          portal_sewer_entry_d, serial_shops, nicolae_shop_trees,
          hangedman_decor_lopped, uniq_edmund

Skill      XL: |  1  2  3  4 |
---------------+-------------+-----
Conjurations   | 5 6 |  6.5
Spellcasting   | 4 |  4.6
Dodging        | |  2.4
Stealth        | |  2.4

Action                   |  1- 3 |  4- 6 || total
-------------------------+-------+-------++-------
 Cast: Magic Dart        |    62 |    44 ||   106
       Searing Ray       |       |     5 ||     5
  Use: Scroll            |     3 |       ||     3
Armor: Robe              |     1 |       ||     1
Dodge: Dodged            |     2 |     4 ||     6

Table legend: (Time is in decaauts)
 A = Elapsed time spent in this place.
 B = Non-inter-level travel time spent in this place.
 C = Inter-level travel time spent in this place.
 D = Time resting spent in this place.
 E = Time spent auto-exploring this place.
 F = Levels seen in this place.
 G = Mean time per level.
                   A        B        C        D        E       F      G
               +--------+--------+--------+--------+--------+-----+--------+
         Total |   2541 |   2466 |     75 |     63 |   2099 |   4 |  635.2 |
       Dungeon |   2541 |   2466 |     75 |     63 |   2099 |   4 |  635.2 |
               +--------+--------+--------+--------+--------+-----+--------+

Top non-repeatable levels by time:
     D:3: 974 daAuts
     D:2: 865 daAuts
     D:1: 673 daAuts
     D:4: 28 daAuts
